[Event "28th Hit Open-A 2024"]
[Site "Nova Gorica"]
[Date "2024.01.28"]
[Round "4.18"]
[White "Mazzi, Leonardo"]
[Black "Kozlovic, Jernej"]
[Result "0-1"]
[ECO "B13"]
[WhiteElo "1647"]
[BlackElo "2174"]
[Annotator "TA"]
[PlyCount "118"]
[EventDate "2024.01.22"]
[EventType "swiss"]
[EventCountry "SLO"]
[SourceTitle "playchess.com"]
[Source "ChessBase"]
[SourceQuality "1"]
[TimeControl "5400+30"]

1. e4 c6 2. d4 d5 3. exd5 cxd5 4. Bd3 Nc6 5. c3 Nf6 6. Bf4 Bg4 7. Qb3 Qd7 8. Nd2 e6 9. Ngf3 Bd6 10. Bxd6 Qxd6 11. O-O O-O 12. Rae1 Bxf3 13. Nxf3 Qc7 14. Qd1 Rab8 15. Re3 g6 {[%emt 0:04:17] The position is equal.} 16. Ne5 Nxe5 17. dxe5 Nd7 18. Rfe1 Rfd8 19. Qg4 Nf8 20. h4 Qb6 21. b3 d4 22. cxd4 Rxd4 23. Qg5 Qd8 24. Qxd8 (24. Be4 {seems wilder.} b5 25. Qf4 Qa5 26. h5) 24... Rbxd8 25. Be4 b6 26. g3 Nd7 27. Bf3 Nc5 28. Kf1 a5 29. Rc1 (29. a3 $11) 29... Kg7 30. Rc2 h6 31. h5 g5 32. Bc6 (32. a3 $11) 32... Kf8 (32... Rd1+ $1 $17 33. Ke2 Ra1) 33. Bb5 Ke7 34. Rce2 Rd1+ 35. Re1 R1d2 36. R1e2 R2d4 37. Re1 (37. f3 $11 {keeps the balance.}) 37... g4 $1 $17 38. R1e2 {[%emt 0:00:50] [#]} ({Better is} 38. Be2) 38... Rg8 $1 {[%emt 0:00:33] Black is more active.} 39. Rb2 (39. f4 $17) 39... Rg5 $19 40. a3 Rxh5 {[%emt 0:02:45] And now ...Rd1+ would win.} 41. Kg2 {[%emt 0:02:52] [#]} Ne4 (41... Rd1 $1 $19 {[%cal Rd1h1] and Black stays clearly on top. ( -> ...Rdh1)} 42. Bf1 Nd7) 42. Rc2 {[%emt 0:02:13] This costs White the game.} (42. Be2 $17 {keeps fighting.}) 42... Rxe5 43. Rc7+ Kd8 44. Rc4 Rxc4 45. Bxc4 {[%emt 0:00:03][%mdl 4096] Endgame. KRB-KRN} Ke7 46. Bd3 f5 47. Bxe4 Rxe4 48. Rxe4 (48. Rc3 $19 Re5 49. Kg1) 48... fxe4 {[%emt 0:00:10] KP-KP. Black mates.} 49. Kf1 Kd6 50. Ke2 Ke5 51. Ke3 b5 52. b4 a4 53. Ke2 Kd4 54. Kd2 Kc4 55. Ke3 Kb3 56. Kd4 Kxa3 57. Kc5 Kb3 58. f4 exf3 59. Kd4 f2 {[%emt 0:00:24] Weighted Error Value: White=0.36/Black=0.14 (very precise) .  Mistake:       	White=7     	Black=2      Inaccurate:     	White=4     	Black=5      OK:         	White=8     	Black=11     Best:        	---       	Black=3      Strong:       	---       	Black=2} 0-1

[Event "28th Hit Open-A 2024"]
[Site "Nova Gorica"]
[Date "2024.01.28"]
[Round "4.19"]
[White "Debevec, Blaz"]
[Black "Gricnik, Tine"]
[Result "1-0"]
[ECO "C14"]
[WhiteElo "2077"]
[BlackElo "1758"]
[Annotator "NA RC"]
[PlyCount "51"]
[EventDate "2024.01.22"]
[EventType "swiss"]
[EventCountry "SLO"]
[SourceTitle "playchess.com"]
[Source "ChessBase"]
[SourceQuality "1"]
[TimeControl "5400+30"]

1. e4 e6 2. d4 d5 3. Nc3 Nf6 4. Bg5 Be7 5. e5 Nfd7 6. h4 Bxg5 7. hxg5 Qxg5 8. Nh3 Qe7 9. Qg4 f6 10. f4 fxe5 11. fxe5 h5 12. Qg3 h4 13. Qg4 Rg8 14. Ng5 Nf8 15. Bd3 Qb4 16. O-O-O Bd7 17. a3 Qb6 18. Nh7 Nc6 19. Nxf8 Rxf8 20. Bg6+ Kd8 21. Rhf1 Rh8 22. Rf7 Kc8 23. Nxd5 Qb5 24. Nc3 Qc4 25. Qf4 b6 26. Bd3 1-0

[Event "28th Hit Open-A 2024"]
[Site "Nova Gorica"]
[Date "2024.01.28"]
[Round "4.20"]
[White "Doric, Darko"]
[Black "Caruso, Augusto"]
[Result "1-0"]
[ECO "D04"]
[WhiteElo "2456"]
[BlackElo "2159"]
[Annotator "TA"]
[PlyCount "83"]
[EventDate "2024.01.22"]
[EventType "swiss"]
[EventCountry "SLO"]
[SourceTitle "playchess.com"]
[Source "ChessBase"]
[SourceQuality "1"]
[TimeControl "5400+30"]

1. d4 d5 2. Nf3 Nf6 3. e3 g6 4. b3 Bg7 5. Bd3 c5 6. Bb2 Nc6 7. O-O cxd4 8. exd4 O-O 9. a3 Bg4 10. Nbd2 e5 11. dxe5 Nd7 {[%emt 0:00:20][%cal Rd7e5] Black has an edge.} 12. h3 Ndxe5 (12... Ncxe5 {looks sharper.} 13. hxg4 Nxf3+ 14. Qxf3 Bxb2 15. Rab1 Ne5) 13. Bxe5 Bxf3 14. Nxf3 Nxe5 15. Nxe5 Bxe5 16. Rb1 {[%emt 0:00:16] White is weak on the dark squares} Qf6 17. g3 Qd6 18. Qf3 Rad8 19. a4 Qf6 20. Qg2 Rd6 21. Rbe1 Bd4 22. Kh2 h5 23. h4 Rfd8 24. f4 Re6 25. Rxe6 fxe6 26. Kh3 (26. c4 $14) 26... Kf7 27. c4 Bc5 ({Better is} 27... Kg7 $14) 28. cxd5 exd5 (28... Kg7 $16) 29. Re1 $18 Bd4 30. Qf3 {[%emt 0:00:57] [#] Strongly threatening f5.} Kg7 31. f5 {[%emt 0:00:27] Black must now prevent Re6.} gxf5 (31... Be5 $16 32. Kg2 gxf5 33. Qxh5 (33. Bxf5 Rf8 $18) 33... Rf8) 32. Qxh5 Rf8 33. Rf1 Qg6 {[%emt 0:00:30] [#]} (33... Qh6 {is a better defense.} 34. Qxh6+ (34. Rxf5 Qxh5 35. Rxh5 Rf3 $18) 34... Kxh6 35. Bxf5 (35. Rxf5 Rxf5 36. Bxf5 b6 $18) 35... Re8) 34. Qxg6+ $1 (34. Rxf5 Qxh5 35. Rxh5 Rf3 $18) 34... Kxg6 {[%emt 0:00:00][%mdl 4096] Endgame. KRB-KRB} 35. g4 Kg7 36. Bxf5 (36. gxf5 Re8 37. Kg4 Rg8 $16) 36... Be3 37. g5 {[%emt 0:00:25] Wards off Rf6} d4 $2 (37... a6 38. Kg4 Kh8) 38. Kg4 Rd8 (38... d3 $142 39. Bxd3 Rd8) 39. Bd3 {[%emt 0:00:56] h5 is the strong threat.} Rd5 40. Rf5 (40. Bc4 $142) 40... Rd8 41. h5 Kh8 42. h6 {[%emt 0:00:27] Weighted Error Value: White=0.18 (very precise) /Black=0.60.  Mistake:       	White=1     	Black=6      Inaccurate:     	White=2     	Black=3      OK:         	White=12    	Black=7      Best:        	White=3     	Black=1      Strong:       	White=1     	---} 1-0

[Event "28th Hit Open-A 2024"]
[Site "Nova Gorica"]
[Date "2024.01.28"]
[Round "4.21"]
[White "Cvitan, Ognjen"]
[Black "Markocic, Tine"]
[Result "1-0"]
[ECO "D37"]
[WhiteElo "2422"]
[BlackElo "2055"]
[Annotator "TA"]
[PlyCount "71"]
[EventDate "2024.01.22"]
[EventType "swiss"]
[EventCountry "SLO"]
[SourceTitle "playchess.com"]
[Source "ChessBase"]
[SourceQuality "1"]
[TimeControl "5400+30"]

1. c4 e6 2. Nf3 d5 3. d4 Nf6 4. Nc3 a6 5. cxd5 exd5 6. Bg5 Be6 7. Bxf6 Qxf6 8. Qb3 {[%emt 0:00:44] The position is equal.} Ra7 9. a3 Qd8 10. h4 Be7 {[%emt 0:06:32] Wards off Ng5} 11. Qc2 h6 12. e4 dxe4 13. Qxe4 c6 14. O-O-O b5 15. Ne5 O-O (15... Qd6 $11 {remains equal.}) 16. Nxc6 {[%emt 0:03:12] White is much more active.} (16. Bd3 $1 $16 f5 17. Qe3) 16... Nxc6 $11 17. d5 $1 Qc8 {[%emt 0:08:46] ...Bf5 would now be deadly.} 18. Bd3 (18. dxc6 Rc7 19. Bd3 f5 $17 (19... Rxc6 20. Qh7#)) 18... g6 $1 {[%emt 0:00:58][%cal Ob5b4] Strongly threatening ...b4!} 19. dxe6 ({But not} 19. dxc6 Rc7 20. Kb1 (20. h5 $2 Rxc6 21. Qe5 Rc5 $19) 20... Rxc6 $17) 19... Qxe6 20. Qxe6 fxe6 21. Rhe1 Rxf2 22. Rxe6 Rf6 23. Rde1 (23. Rxf6 $14 {was preferrable.} Bxf6 24. Bxg6) 23... Kf7 24. R6e4 Rd7 25. Bb1 Rfd6 26. Ba2+ Kg7 27. Rf4 Bf6 {[%emt 0:05:17] [#]} (27... Bd8 $11) 28. Ne4 $1 $16 Be5 {[%emt 0:00:04] [#]} 29. Rff1 Rd4 30. Nc5 $1 Re7 31. Ne6+ (31. Nxa6 h5 $11) 31... Rxe6 32. Bxe6 Rxh4 $2 (32... h5 {is a better chance.} 33. Kb1 Bg3) 33. Rf7+ $18 {[%emt 0:00:28] White is clearly winning.} Kh8 34. Bd5 Bg7 (34... Bf4+ $142 35. Kb1 Ne5 36. Rxf4 Rxf4 37. Rxe5 Rf6 38. Re8+ Kg7 39. Rg8+ Kh7) 35. Re8+ Kh7 36. Bxc6 {[%emt 0:00:23] Weighted Error Value: White=0.10 (very precise) /Black=0.37.  Mistake:       	White=2     	Black=4      Inaccurate:     	White=2     	Black=1      OK:         	White=11    	Black=7      Best:        	White=5     	Black=5      Strong:       	White=2     	Black=1} ({And not} 36. Rxg7+ Kxg7 37. Re6 (37. Bxc6 Rc4+ 38. Kd2 Rxc6 $17) 37... Nd4 38. Rxa6 Rg4 $11) 1-0

[Event "28th Hit Open-A 2024"]
[Site "Nova Gorica"]
[Date "2024.01.28"]
[Round "4.22"]
[White "Hrescak, Ivana"]
[Black "Gaal, Zsoka"]
[Result "1/2-1/2"]
[ECO "D36"]
[WhiteElo "2117"]
[BlackElo "2341"]
[Annotator "TA"]
[PlyCount "111"]
[EventDate "2024.01.22"]
[EventType "swiss"]
[EventCountry "SLO"]
[SourceTitle "playchess.com"]
[Source "ChessBase"]
[SourceQuality "1"]
[TimeControl "5400+30"]

1. c4 e6 2. Nc3 d5 3. d4 Nf6 4. cxd5 exd5 5. Bg5 Be7 6. e3 h6 7. Bh4 c6 8. Qc2 O-O 9. Bd3 a5 10. Nge2 Na6 11. a3 Nc7 12. O-O Nfe8 13. Bg3 Nd6 14. Na4 Na6 15. Rac1 b5 16. Nc5 ({Inferior is} 16. Qxc6 Bb7 17. Qc2 bxa4 $17) (16. Bxd6 $14 {might be stronger.} Qxd6 17. Nc5 (17. Qxc6 Qxc6 18. Rxc6 bxa4 $17) (17. Nb6 Rb8 $14)) 16... Nc4 17. Nxa6 Rxa6 18. e4 a4 19. Bxc4 bxc4 20. Nc3 Qa5 21. Rce1 Be6 22. Re2 Rd8 23. Kh1 (23. Be5 $11 {is more appropriate.}) 23... Bf6 (23... dxe4 $15 {is superior.} 24. Rd1 f5) 24. exd5 cxd5 25. Be5 Be7 26. Re3 f6 27. Bf4 Bf8 $1 28. Rg3 Kh8 29. Qg6 Rd7 $1 30. Re1 Bf7 31. Qg4 Qd8 32. Qf5 Rb7 33. Qc2 (33. Bc1 $15) 33... Qd7 (33... Qb6 $17 34. Bc1 Qxd4) 34. Bc1 Rb3 35. Ne2 Re6 36. Rxb3 cxb3 37. Qd3 {[%emt 0:00:22] [#]} Qe8 $1 38. Be3 Bg6 39. Qd2 Bd6 ({Black should try} 39... Rc6 $17 {aiming for ...Rc2.} 40. Nc3 Rc4) 40. Nc3 f5 41. f3 Qd8 42. Bf2 Rxe1+ 43. Qxe1 Qd7 44. Qe2 f4 45. Nxd5 Bxa3 (45... Qf5 $5 46. Nc3 $8 Qc2 $11) 46. Nxf4 Bc2 47. bxa3 Qf5 $2 (47... Qb7 $1 $11 {and Black stays safe.} 48. Qe8+ Kh7) 48. Qe8+ $18 Kh7 49. Ne6 $2 (49. Qb8 $18) 49... b2 $11 50. Nf8+ Kg8 51. Ne6+ Kh7 52. Nf8+ Kg8 53. Ne6+ Kh7 54. Nf8+ Kg8 55. Ng6+ Kh7 56. Ne7 $2 (56. Nf8+ $11 Qxf8 57. Qxf8) 1/2-1/2

[Event "28th Hit Open-A 2024"]
[Site "Nova Gorica"]
[Date "2024.01.28"]
[Round "4.23"]
[White "Szegedy, Matyas"]
[Black "Ongut, Tamas Gunes"]
[Result "1-0"]
[ECO "B06"]
[WhiteElo "2129"]
[BlackElo "2310"]
[Annotator "TA"]
[PlyCount "73"]
[EventDate "2024.01.22"]
[EventType "swiss"]
[EventCountry "SLO"]
[SourceTitle "playchess.com"]
[Source "ChessBase"]
[SourceQuality "1"]
[TimeControl "5400+30"]

1. e4 g6 2. d4 Bg7 3. Nc3 d6 4. Bc4 a6 5. a4 Nc6 6. Be3 Nf6 7. f3 {[%emt 0:00:13] Verhindert Ng4.} O-O 8. Nge2 {[%emt 0:02:09] Die Stellung ist ausgeglichen.} e6 9. Ba2 Nb4 10. Bb3 Re8 11. Qd2 e5 12. d5 c6 {[%emt 0:06:50] [#]} (12... Rb8 $142) 13. a5 $1 $16 cxd5 (13... b5 $142 14. axb6 c5) 14. Bb6 Qe7 15. exd5 ({Jedoch nicht} 15. Bxd5 $6 Nbxd5 16. Nxd5 Nxd5 17. Qxd5 Be6 $11) 15... e4 16. O-O {[%emt 0:02:39] Nxe4 ist eine echte Drohung.} e3 (16... Nd7 $142) 17. Qe1 (17. Qd4 $142) 17... Bf5 {[%emt 0:04:14] [#]} (17... Bd7 {ist eine bessere Verteidigung.}) 18. Ra4 $1 $18 Nxc2 19. Qd1 Rac8 20. Bxc2 Bxc2 21. Qxc2 Nxd5 22. Re4 Nxc3 $2 (22... Qd7 23. Qd3 Nxb6) 23. bxc3 Qd7 24. Qd3 d5 25. Rxe3 ({Bloß nicht} 25. Bxe3 Qd6 26. Rd1 Red8 $18) 25... Rxe3 26. Bxe3 ({Viel schwächer ist} 26. Qxe3 Qb5 27. Rd1 Re8 $18) 26... Qa4 27. Bb6 Re8 28. Nd4 Qa2 29. f4 Bh6 (29... Bf6 $142 30. f5 g5) 30. Nc2 Bg7 31. Ne3 h5 32. f5 d4 33. Bxd4 Bxd4 34. Qxd4 Qxa5 35. fxg6 {[%emt 0:00:16] Weiß setzt Matt.} fxg6 36. Nd5 Rd8 37. Ne7+ {[%emt 0:00:27] Weiß übernahm nach der Eröffnung die Kontrolle.   Gewichteter Fehlerwert: Weiß=0.21 (präzise) /Schwarz=0.62.  Fehler:       	Weiß=1     	Schwarz=6     Ungenau:       	Weiß=1     	Schwarz=3     OK:         	Weiß=9     	Schwarz=5     Bester:       	Weiß=3     	---        Stark:        	Weiß=2     	---} 1-0

[Event "28th Hit Open-A 2024"]
[Site "Nova Gorica"]
[Date "2024.01.28"]
[Round "4.24"]
[White "Centrih, Aleks"]
[Black "Zupancic, Jernej"]
[Result "0-1"]
[ECO "B52"]
[WhiteElo "2082"]
[BlackElo "2211"]
[Annotator "RC"]
[PlyCount "64"]
[EventDate "2024.01.22"]
[EventType "swiss"]
[EventCountry "SLO"]
[SourceTitle "playchess.com"]
[Source "ChessBase"]
[SourceQuality "1"]
[TimeControl "5400+30"]

1. e4 c5 2. Nf3 d6 3. Bb5+ Bd7 4. Bxd7+ Qxd7 5. O-O Nc6 6. c4 Nf6 7. Nc3 e6 8. d4 cxd4 9. Nxd4 Be7 10. b3 O-O 11. Bb2 Rfd8 12. Re1 a6 13. Nxc6 bxc6 14. Qf3 e5 15. Ne2 Qc7 16. Ng3 g6 17. Qc3 Nd7 18. f4 a5 19. Kh1 Rab8 20. Rf1 f6 21. Qf3 a4 22. Qg4 Kh8 23. Bc3 axb3 24. axb3 Nc5 25. f5 Qd7 26. b4 Nd3 27. Rab1 d5 28. cxd5 cxd5 29. exd5 g5 30. Ne4 Qxd5 31. Rbd1 Rbc8 32. Nxg5 Nf2+ 0-1

[Event "28th Hit Open-A 2024"]
[Site "Nova Gorica"]
[Date "2024.01.28"]
[Round "4.25"]
[White "Labrovic, Jakov"]
[Black "Mihelj, Edvard"]
[Result "1-0"]
[ECO "A40"]
[WhiteElo "1925"]
[BlackElo "1618"]
[Annotator "NA RC"]
[PlyCount "53"]
[EventDate "2024.01.22"]
[EventType "swiss"]
[EventCountry "SLO"]
[SourceTitle "playchess.com"]
[Source "ChessBase"]
[SourceQuality "1"]
[TimeControl "5400+30"]

1. d4 g6 2. Bf4 d6 3. e4 b6 4. Nc3 Bb7 5. h4 e6 6. Qd2 h5 7. O-O-O Bg7 8. f3 a6 9. d5 e5 10. Bg5 Bh6 11. Nh3 f6 12. Bxh6 Nxh6 13. Be2 Nf7 14. f4 Bc8 15. Rhg1 Nh6 16. fxe5 dxe5 17. d6 Ng4 18. dxc7 Qxc7 19. Nd5 Qd6 20. Rgf1 f5 21. Qg5 Kf7 22. exf5 gxf5 23. Bxg4 hxg4 24. Rxf5+ Bxf5 25. Qxf5+ Kg7 26. Ng5 Qg6 27. Qxe5+ 1-0

[Event "28th Hit Open-A 2024"]
[Site "Nova Gorica"]
[Date "2024.01.28"]
[Round "4.26"]
[White "Orsatti, Marcello"]
[Black "Petrovcic, Cvetko"]
[Result "1-0"]
[ECO "A10"]
[WhiteElo "1918"]
[BlackElo "1611"]
[Annotator "RC"]
[PlyCount "129"]
[EventDate "2024.01.22"]
[EventType "swiss"]
[EventCountry "SLO"]
[SourceTitle "playchess.com"]
[Source "ChessBase"]
[SourceQuality "1"]
[TimeControl "5400+30"]

1. c4 f5 2. g3 Nf6 3. Bg2 e6 4. Nc3 Be7 5. e4 fxe4 6. Nxe4 O-O 7. Ne2 d5 8. Ng5 Ng4 9. Nh3 Ne5 10. cxd5 Nd3+ 11. Kf1 exd5 12. Nhf4 Nxf4 13. Nxf4 c6 14. d4 Na6 15. Be3 Bf5 16. a3 Nc7 17. h4 Bd6 18. Qd2 Qf6 19. Kg1 h6 20. h5 Rae8 21. Rh4 Ne6 22. Nxe6 Rxe6 23. Rc1 Rfe8 24. Rc3 Qe7 25. Bf4 Re2 26. Bxd6 Qxd6 27. Qf4 Qe6 28. b4 Re1+ 29. Kh2 Be4 30. Re3 Rxe3 31. Qxe3 Bxg2 32. Qxe6+ Rxe6 33. Kxg2 Re2 34. Rf4 Rd2 35. Kf3 Rd3+ 36. Kg4 Rxa3 37. Kf5 Kf7 38. Ke5+ Ke7 39. Kf5 Kf7 40. Ke5+ Kg8 41. Kf5 Ra1 42. Kg6 Re1 43. Kf5 b6 44. Rf3 Kf7 45. Ra3 Re7 46. f4 Kf8 47. g4 Re4 48. Rxa7 Rxd4 49. Ra8+ Ke7 50. Ra7+ Kd6 51. Rxg7 Rxb4 52. Rg6+ Kc5 53. Rxh6 d4 54. Re6 d3 55. Re1 d2 56. Rd1 Rd4 57. h6 Kc4 58. h7 Rd5+ 59. Kg6 Rd6+ 60. Kg5 Rd8 61. Rxd2 Rxd2 62. h8=Q b5 63. f5 b4 64. Qh1 c5 65. Qc1+ 1-0

[Event "28th Hit Open-A 2024"]
[Site "Nova Gorica"]
[Date "2024.01.28"]
[Round "4.27"]
[White "Horvath, Andras"]
[Black "Belyaletdinov, Leonard"]
[Result "0-1"]
[ECO "B13"]
[WhiteElo "1901"]
[BlackElo "1581"]
[Annotator "NA RC"]
[PlyCount "98"]
[EventDate "2024.01.22"]
[EventType "swiss"]
[EventCountry "SLO"]
[SourceTitle "playchess.com"]
[Source "ChessBase"]
[SourceQuality "1"]
[TimeControl "5400+30"]

1. e4 c6 2. d4 d5 3. exd5 cxd5 4. Bd3 Nc6 5. c3 Nf6 6. Bf4 Bg4 7. Qb3 Qd7 8. Nd2 e6 9. Ngf3 Bd6 10. Bxd6 Qxd6 11. O-O O-O 12. Rfe1 Bxf3 13. Nxf3 Qc7 14. Re3 Ng4 15. Re2 a6 16. h3 Nf6 17. Rae1 b5 18. Ne5 Nd7 19. Bb1 Ncxe5 20. dxe5 Rfd8 21. Re3 Rab8 22. h4 b4 23. cxb4 Qb7 24. Qd3 Nf8 25. a3 a5 26. bxa5 Qxb2 27. Rg3 Ra8 28. h5 Rxa5 29. Qe3 g6 30. Qg5 Re8 31. Qf6 Nd7 32. Qf4 Nf8 33. Rf3 Qb7 34. g4 Qd7 35. Kg2 Ra4 36. Qg3 Qe7 37. Bc2 Rd4 38. Rf4 Rxf4 39. Qxf4 Rc8 40. Bd3 Rc3 41. Re3 Qxa3 42. Qf6 Nd7 43. Qd8+ Kg7 44. Qxd7 Rxd3 45. h6+ Kxh6 46. Re1 Rh3 47. g5+ Kg7 48. Re3 Rxe3 49. fxe3 Qxe3 0-1

[Event "28th Hit Open-A 2024"]
[Site "Nova Gorica"]
[Date "2024.01.28"]
[Round "4.28"]
[White "Bajec, Borut"]
[Black "Hozjan, Erik"]
[Result "0-1"]
[ECO "A85"]
[WhiteElo "1703"]
[BlackElo "1897"]
[Annotator "NA RC"]
[PlyCount "66"]
[EventDate "2024.01.22"]
[EventType "swiss"]
[EventCountry "SLO"]
[SourceTitle "playchess.com"]
[Source "ChessBase"]
[SourceQuality "1"]
[TimeControl "5400+30"]

1. d4 f5 2. Nf3 Nf6 3. c4 e6 4. Nc3 Bb4 5. Bd2 O-O 6. e3 b6 7. Be2 Bb7 8. O-O d6 9. a3 Bxc3 10. Bxc3 Ne4 11. Rc1 Nd7 12. b4 Ndf6 13. Bb2 g5 14. Nd2 a5 15. Nxe4 Nxe4 16. f3 Nf6 17. c5 axb4 18. axb4 Nd5 19. Qb3 Qf6 20. Ra1 f4 21. e4 Ne3 22. Rfc1 g4 23. c6 Rxa1 24. Bxa1 Bc8 25. fxg4 Qg5 26. Bf3 Nxg4 27. Bxg4 Qxg4 28. Qf3 Qg5 29. e5 dxe5 30. dxe5 Ba6 31. Rc3 Qxe5 32. Qg4+ Kf7 33. Rc1 Qe3+ 0-1

[Event "28th Hit Open-A 2024"]
[Site "Nova Gorica"]
[Date "2024.01.28"]
[Round "4.29"]
[White "Kukushkin, Ivan"]
[Black "Trybus, Dominika"]
[Result "1-0"]
[ECO "B22"]
[WhiteElo "1890"]
[BlackElo "1530"]
[Annotator "NA RC"]
[PlyCount "73"]
[EventDate "2024.01.22"]
[EventType "swiss"]
[EventCountry "SLO"]
[SourceTitle "playchess.com"]
[Source "ChessBase"]
[SourceQuality "1"]
[TimeControl "5400+30"]

1. e4 c5 2. c3 e6 3. d4 Nf6 4. Bd3 Nc6 5. Nf3 Qb6 6. Bc2 cxd4 7. cxd4 Nb4 8. Nc3 Nxc2+ 9. Qxc2 Be7 10. Bg5 h6 11. Bf4 d6 12. O-O O-O 13. Rac1 Bd7 14. Qd2 Kh7 15. Rfe1 Rac8 16. e5 Nd5 17. Bg3 Nxc3 18. bxc3 d5 19. h4 Rc7 20. Nh2 Rfc8 21. Ng4 Qa5 22. Re3 Bb4 23. Rf3 Rxc3 24. Rcxc3 Bxc3 25. Qd3+ Kg8 26. Bf4 Bb5 27. Qe3 h5 28. Nf6+ Kf8 29. Nxh5 Qxa2 30. Bh6 Qa1+ 31. Kh2 gxh6 32. Qxh6+ Ke8 33. Rxf7 Kxf7 34. Qg7+ Ke8 35. Nf6+ Kd8 36. Qf8+ Be8 37. Qd6+ 1-0

[Event "28th Hit Open-A 2024"]
[Site "Nova Gorica"]
[Date "2024.01.28"]
[Round "4.30"]
[White "Beber, Anja"]
[Black "Atakay, Mustafa"]
[Result "1-0"]
[ECO "A80"]
[WhiteElo "1606"]
[BlackElo "1889"]
[Annotator "NA RC"]
[PlyCount "99"]
[EventDate "2024.01.22"]
[EventType "swiss"]
[EventCountry "SLO"]
[SourceTitle "playchess.com"]
[Source "ChessBase"]
[SourceQuality "1"]
[TimeControl "5400+30"]

1. d4 f5 2. Nf3 Nf6 3. h3 d6 4. Nc3 c6 5. Qd3 Qb6 6. e3 g6 7. Be2 Bg7 8. O-O O-O 9. a3 Na6 10. Na4 Qd8 11. Qb3+ e6 12. Rd1 Nc7 13. c4 Qe7 14. Bd2 Ne4 15. Be1 b6 16. Rac1 Kh8 17. Nc3 Nf6 18. Qc2 Bd7 19. e4 Nxe4 20. Nxe4 fxe4 21. Qxe4 Ne8 22. Bc3 Nf6 23. Qh4 Ng8 24. Qxe7 Nxe7 25. Bb4 Nc8 26. Bd3 Bf6 27. Re1 Kg7 28. Re2 a5 29. Bd2 h6 30. Rce1 g5 31. Be3 Rb8 32. Nd2 c5 33. dxc5 Bxb2 34. Ne4 Bxa3 35. cxd6 Nxd6 36. Bd4+ Kf7 37. Nf6 Bc8 38. Ng4 Nf5 39. Ne5+ Kg8 40. Ba1 Bb4 41. Rd1 Bc5 42. Bxf5 exf5 43. Ng6 Ba6 44. Nxf8 Bxf8 45. Rc2 Rc8 46. Rb2 Rc6 47. Rd8 Kf7 48. Rd5 Bg7 49. Rd7+ Kg6 50. Rxg7+ 1-0

[Event "28th Hit Open-A 2024"]
[Site "Nova Gorica"]
[Date "2024.01.28"]
[Round "4.31"]
[White "Kekic, Urban"]
[Black "Stevanic, David"]
[Result "0-1"]
[ECO "C46"]
[WhiteElo "1885"]
[BlackElo "2294"]
[Annotator "TA"]
[PlyCount "76"]
[EventDate "2024.01.22"]
[EventType "swiss"]
[EventCountry "SLO"]
[SourceTitle "playchess.com"]
[Source "ChessBase"]
[SourceQuality "1"]
[TimeControl "5400+30"]

1. e4 e5 2. Nf3 Nc6 3. Nc3 g6 4. d4 exd4 5. Nxd4 Bg7 6. Be3 Nge7 7. Bc4 d6 8. O-O Ne5 9. Be2 h5 {[%emt 0:17:19] White is slightly better.} 10. h3 N7c6 (10... N5c6 $142) 11. f4 $16 Nd7 12. Bf3 O-O 13. Qd2 Re8 14. Rae1 Nf8 15. Nd5 Ne6 16. c3 {[%emt 0:00:37] Hoping for f5.} Bd7 $2 (16... Ncxd4 $16 {was necessary.} 17. cxd4 c6) 17. Qf2 $2 (17. f5 $18) 17... Ncxd4 18. cxd4 {[%emt 0:00:22] f5 is the strong threat.} (18. Bxd4 $6 Nxd4 19. cxd4 Be6 $11) 18... Bb5 19. Be2 (19. f5 {seems wilder.} Bxf1 20. fxe6 fxe6 21. Nf4) 19... Bxe2 20. Rxe2 c6 {[%emt 0:01:06] [#]} 21. Nc3 {[%emt 0:04:36] Strongly threatening f5.} Qf6 22. d5 (22. Rd2 $142) 22... Nd4 23. Bxd4 ({White should try} 23. Rd2 $16 c5 24. g4) 23... Qxd4 $11 24. dxc6 bxc6 25. Rd1 Qb4 26. Qf3 Rad8 27. Kh1 Qc4 28. Rdd2 {[%emt 0:01:53] [#]} d5 $1 29. exd5 (29. e5 f6) 29... Rxe2 30. Nxe2 Rxd5 31. b3 Qc5 32. Rd3 {[%emt 0:00:50] [#]} (32. Rxd5 $11 {was the only way to keep the balance.} cxd5 33. f5) 32... Qc2 $1 $17 33. Re3 Rd1+ 34. Kh2 Qb1 $36 {[%emt 0:00:02][%mdl 2048] And now ...Rh1+ would win. Black has some pressure. Black is much more active.} (34... Qxa2 $2 35. Nc3 (35. Qxc6 Qb1 $17) 35... Qxb3 36. Re8+ (36. Qxd1 Qb8 $18) 36... Kh7 37. Nxd1 $18 (37. Qxd1 Qxc3 38. Qf3 Qxf3 $11)) 35. h4 $2 (35. Re8+ $15 Bf8 36. Qc3) 35... Rh1+ $19 (35... Qxa2 $2 {perishes.} 36. Nc3 (36. Qxc6 Qa1 $17) 36... Qxb3 37. Re8+ (37. Qxd1 Qb8 $18) 37... Kh7 38. Nxd1 $18 (38. Qxd1 Qxc3 39. Qd6 Qc4 $11)) 36. Kg3 Bf6 ({Less strong is} 36... Qxa2 37. Re8+ Kh7 38. f5 $17) 37. Qxc6 Bxh4+ 38. Kf3 Rf1# {[%emt 0:00:06] Weighted Error Value: White=0.72/Black=0.22 (precise) .  Loses game:     	White=1     	Black=1      Missed win:     	White=1     	---        Mistake:       	White=3     	Black=1      Inaccurate:     	White=3     	Black=3      OK:         	White=9     	Black=3      Best:        	White=2     	Black=3      Strong:       	---       	Black=1} 0-1